[Event "Turkish-ch Youth U17 2024"]
[Site "Belek Antalya"]
[Date "2024.01.27"]
[Round "9"]
[White "Dirican, Feride"]
[Black "Buyuk, Ecrin Efsa"]
[Result "1-0"]
[ECO "B11"]
[WhiteElo "1492"]
[BlackElo "1976"]
[Annotator "NA RC"]
[PlyCount "139"]
[EventDate "2024.01.21"]
[EventType "swiss"]
[EventCountry "TUR"]
[SourceTitle "playchess.com"]
[Source "ChessBase"]
[SourceQuality "1"]
[TimeControl "5400+30"]

1. e4 c6 2. Nc3 d5 3. Nf3 Bg4 4. h3 Bxf3 5. Qxf3 Nf6 6. g3 e6 7. Bg2 Nbd7 8. d3 d4 9. Nb1 Be7 10. O-O O-O 11. Qe2 e5 12. f4 b5 13. f5 c5 14. Nd2 Rc8 15. Nf3 c4 16. g4 h6 17. Kh2 cxd3 18. cxd3 Qc7 19. Rf2 Qa5 20. g5 hxg5 21. Bxg5 Rc5 22. Rg1 Rfc8 23. Bf1 Qxa2 24. Rfg2 Qa6 25. Bh6 Ng4+ 26. Rxg4 Qxh6 27. Rxg7+ Kh8 28. Qg2 Nf6 29. Kh1 Nh5 30. Rxf7 Nf4 31. Qg4 Bf6 32. Rxa7 Rc1 33. Rf7 Rxf1 34. Rxf1 Rg8 35. Rxf6 Qxf6 36. Qh4+ Qxh4 37. Nxh4 Nxd3 38. Ng6+ Kh7 39. Rf3 Nc5 40. Nxe5 Nxe4 41. f6 Rf8 42. f7 Kg7 43. Rf4 Ng5 44. h4 Nxf7 45. Nxf7 d3 46. Kg2 d2 47. Rd4 Rxf7 48. Rxd2 Rf4 49. Kg3 Rb4 50. Rh2 Kg6 51. h5+ Kf5 52. h6 Rb3+ 53. Kh4 Kg6 54. Kg4 Rb4+ 55. Kf3 Kh7 56. Ke3 Rg4 57. Kd3 Rb4 58. Kc3 Rg4 59. Rh5 b4+ 60. Kb3 Rf4 61. Ka4 Rg4 62. b3 Rf4 63. Rb5 Kxh6 64. Rxb4 Rf1 65. Rg4 Ra1+ 66. Kb5 Rb1 67. b4 Rf1 68. Ka5 Ra1+ 69. Kb6 Rb1 70. b5 1-0

[Event "Turkish-ch Youth U17 2024"]
[Site "Belek Antalya"]
[Date "2024.01.27"]
[Round "9"]
[White "Akin, Duru"]
[Black "Camci, Ecrin"]
[Result "0-1"]
[ECO "B76"]
[WhiteElo "1474"]
[BlackElo "1082"]
[Annotator "NA RC COMBH"]
[PlyCount "82"]
[EventDate "2024.01.21"]
[EventType "swiss"]
[EventCountry "TUR"]
[SourceTitle "playchess.com"]
[Source "ChessBase"]
[SourceQuality "1"]
[TimeControl "5400+30"]

1. e4 c5 2. Nf3 d6 3. d4 cxd4 4. Nxd4 Nf6 5. Nc3 g6 6. Be3 Bg7 7. f3 O-O 8. Qd2 Nc6 9. g4 Bd7 10. O-O-O Ne5 11. Kb1 Rc8 12. Bh6 Nc4 13. Bxc4 Rxc4 14. h4 Nxe4 15. Nxe4 Rxd4 16. Qxd4 Bxd4 17. Rxd4 Re8 18. h5 f6 19. Bd2 Bc6 20. Bc3 Bxe4 21. fxe4 g5 22. h6 Qd7 23. Rg1 Qe6 24. Rgd1 Rc8 25. a3 Kf7 26. e5 fxe5 27. R4d3 Qxg4 28. Rf1+ Kg6 29. Bd2 Qe2 30. Rg1 e4 31. Rxg5+ Kf6 32. Rdd5 e3 33. Bb4 Qf1+ 34. Ka2 Qc4+ 35. Ka1 Qxc2 36. Rh5 Qe4 37. Rd1 e2 38. Re1 Rc2 39. Bc3+ Ke6 40. Rh2 d5 41. Bb4 Qe5 0-1